[Event "GER-ch Youth U10w 2019"]
[Site "Willingen"]
[Date "2019.06.09"]
[Round "1.1"]
[White "Oellrich, Emma"]
[Black "Ezold, Johanna Sophie"]
[Result "0-1"]
[ECO "C53"]
[WhiteElo "1484"]
[BlackElo "1076"]
[Annotator "NA"]
[PlyCount "62"]
[EventDate "2019.06.07"]
[EventType "swiss"]
[EventRounds "11"]
[EventCountry "GER"]
[SourceTitle "playchess.com"]
[Source "ChessBase"]
[SourceQuality "1"]
[TimeControl "40/4500+30:900+30"]

1. e4 e5 2. Nf3 Nc6 3. Bc4 Bc5 4. c3 a5 5. d4 Bb6 6. dxe5 h6 7. O-O d6 8. exd6 cxd6 9. Re1 Qe7 10. Qb3 Ba7 11. Bf4 Bb8 12. Nbd2 Nf6 13. Bd5 O-O 14. Nc4 Re8 15. Rad1 Bg4 16. Re3 Bxf3 17. gxf3 Ra7 18. Bxc6 bxc6 19. Nxd6 Rd8 20. Nf5 Qe8 21. Rxd8 Qxd8 22. Qxb8 Qxb8 23. Bxb8 Rb7 24. Be5 Nh5 25. b3 f6 26. Bg3 c5 27. Bd6 g6 28. Nxh6+ Kh7 29. Ng4 g5 30. Bxc5 Rd7 31. Bb6 Rd1+ {[%emt 0:01:47] normal} 0-1

[Event "GER-ch Youth U10w 2019"]
[Site "Willingen"]
[Date "2019.06.09"]
[Round "1.2"]
[White "Hoffmann, Svenja"]
[Black "Mirnaya, Veronika"]
[Result "0-1"]
[ECO "C58"]
[WhiteElo "1072"]
[BlackElo "1237"]
[Annotator "NA"]
[PlyCount "60"]
[EventDate "2019.06.07"]
[EventType "swiss"]
[EventRounds "11"]
[EventCountry "GER"]
[SourceTitle "playchess.com"]
[Source "ChessBase"]
[SourceQuality "1"]
[TimeControl "40/4500+30:900+30"]

1. e4 e5 2. Nf3 Nc6 3. Bc4 Nf6 4. Ng5 d5 5. exd5 Na5 6. Bb5+ c6 7. dxc6 bxc6 8. Ba4 h6 9. Nf3 e4 10. Ne5 Qd5 11. d4 exd3 12. Nxd3 Bb7 13. Nc3 Qd7 14. Be3 Nc4 15. Qf3 Nxe3 16. fxe3 Bd6 17. O-O-O O-O 18. h4 Qc7 19. Rhf1 c5 20. g4 Bxf3 21. Rxf3 Nd7 22. Rg1 Ne5 23. Nxe5 Bxe5 24. g5 h5 25. Bb5 Bxc3 26. bxc3 Qb7 27. Bc4 Qxf3 28. Rf1 Qxe3+ 29. Kb1 Rab8+ 30. Ka1 Qxc3# {[%emt 0:00:16] normal} 0-1

[Event "GER-ch Youth U10w 2019"]
[Site "Willingen"]
[Date "2019.06.09"]
[Round "1.5"]
[White "Trunz, Tamila"]
[Black "Niederdorfer, Mathilda"]
[Result "1-0"]
[ECO "B01"]
[WhiteElo "1273"]
[BlackElo "1036"]
[Annotator "NA"]
[PlyCount "81"]
[EventDate "2019.06.07"]
[EventType "swiss"]
[EventRounds "11"]
[EventCountry "GER"]
[SourceTitle "playchess.com"]
[Source "ChessBase"]
[SourceQuality "1"]
[TimeControl "40/4500+30:900+30"]

1. e4 d5 2. exd5 Qxd5 3. Nc3 Qd6 4. Nf3 c6 5. d4 Bf5 6. Be2 Nf6 7. O-O e6 8. Re1 Be7 9. Na4 Nbd7 10. c4 Qc7 11. Nc3 O-O 12. Bd3 Bxd3 13. Qxd3 Nb6 14. Ne5 Rad8 15. Bf4 Qc8 16. Rad1 Bd6 17. c5 Bxc5 18. Qg3 Bd6 19. Bh6 Nh5 20. Qg5 f6 21. Qxh5 fxe5 22. Qg5 Rf7 23. dxe5 Be7 24. Rxd8+ Qxd8 25. Qg4 Qd7 26. Ne4 Kh8 27. Rd1 Qc8 28. Bg5 Bxg5 29. Nd6 Qd7 30. Nxf7+ Qxf7 31. Qxg5 h6 32. Qd8+ Kh7 33. h3 Nd5 34. Rd3 b6 35. Rf3 Qb7 36. Qd6 Qc8 37. Rf7 Kg6 38. Rf8 Qa6 39. Qxe6+ Kh7 40. Qf5+ g6 41. Qf7# {[%emt 0:15:26] normal} 1-0

[Event "GER-ch Youth U10w 2019"]
[Site "Willingen"]
[Date "2019.06.09"]
[Round "1.6"]
[White "Krasikova, Milana"]
[Black "Wartenberg, Alissa"]
[Result "0-1"]
[ECO "C48"]
[WhiteElo "1023"]
[BlackElo "1291"]
[Annotator "NA"]
[PlyCount "128"]
[EventDate "2019.06.07"]
[EventType "swiss"]
[EventRounds "11"]
[EventCountry "GER"]
[SourceTitle "playchess.com"]
[Source "ChessBase"]
[SourceQuality "1"]
[TimeControl "40/4500+30:900+30"]

1. e4 e5 2. Nf3 Nc6 3. Nc3 Nf6 4. Bb5 d6 5. d3 Bd7 6. Bg5 Be7 7. Qd2 O-O 8. O-O-O h6 9. Bh4 Nxe4 10. Nxe4 Bxh4 11. Rdg1 d5 12. Nc5 Bf6 13. g4 a6 14. Ba4 Be7 15. Nxb7 Qc8 16. Na5 Bb4 17. c3 Bxa5 18. g5 g6 19. gxh6 Qd8 20. h4 Qf6 21. Rg3 Qf4 22. Qxf4 exf4 23. Rgg1 Kh7 24. Ng5+ Kxh6 25. Nf3 Bb6 26. Rg2 Rg8 27. Rgh2 Bg4 28. Ng5 Nd8 29. Bb3 c6 30. c4 Rc8 31. Kb1 dxc4 32. Bxc4 Kg7 33. Kc2 Re8 34. f3 Bh5 35. Kc3 f6 36. Ne4 Bc7 37. Rh3 Ne6 38. b3 Be5+ 39. Kd2 Nd4 40. Bxa6 Nxf3+ 41. Kc2 Ra8 42. Nc5 Bd4 43. b4 Bxc5 44. bxc5 Rxa6 45. Rb1 Rxa2+ 46. Kb3 Rea8 47. Kc3 R2a3+ 48. Kc2 R8a5 49. Rb7+ Kh6 50. Kb2 Rxd3 51. Rh1 Rxc5 52. Ra1 Nd4 53. Rc1 Ra5 54. Rb4 f3 55. Rb7 f2 56. Rf7 Be2 57. Rxf6 f1=Q 58. Rcxf1 Bxf1 59. Rxf1 Rb3+ 60. Kc1 Ra1+ 61. Kd2 Rxf1 62. h5 Rf2+ 63. Ke1 Ra2 64. hxg6 Rb1# {normal} 0-1

[Event "GER-ch Youth U10w 2019"]
[Site "Willingen"]
[Date "2019.06.09"]
[Round "2.1"]
[White "Mirnaya, Veronika"]
[Black "Czaeczine, Paula"]
[Result "1-0"]
[ECO "C78"]
[WhiteElo "1237"]
[BlackElo "1170"]
[Annotator "NA"]
[PlyCount "49"]
[EventDate "2019.06.07"]
[EventType "swiss"]
[EventRounds "11"]
[EventCountry "GER"]
[SourceTitle "playchess.com"]
[Source "ChessBase"]
[SourceQuality "1"]
[TimeControl "40/4500+30:900+30"]

1. e4 e5 2. Nf3 Nc6 3. Bb5 a6 4. Ba4 Nf6 5. O-O d5 6. Nxe5 Bd7 7. Nxd7 Qxd7 8. Re1 dxe4 9. Nc3 Qf5 10. d3 O-O-O 11. Bxc6 bxc6 12. d4 Bb4 13. Be3 Rhe8 14. Qe2 Bxc3 15. Qxa6+ Kb8 16. bxc3 Nd5 17. Rab1+ Nb6 18. d5 Qc8 19. Qa4 Qb7 20. dxc6 Nxa4 21. Rxb7+ Ka8 22. Ra7+ Kb8 23. Rxa4 Re6 24. Rb1+ Kc8 25. Ra8# {[%emt 0:00:05] normal} 1-0

[Event "GER-ch Youth U10w 2019"]
[Site "Willingen"]
[Date "2019.06.09"]
[Round "2.2"]
[White "Proettel, Ela"]
[Black "Heutling, Sarah"]
[Result "0-1"]
[ECO "D70"]
[WhiteElo "1333"]
[BlackElo "1147"]
[Annotator "NA"]
[PlyCount "32"]
[EventDate "2019.06.07"]
[EventType "swiss"]
[EventRounds "11"]
[EventCountry "GER"]
[SourceTitle "playchess.com"]
[Source "ChessBase"]
[SourceQuality "1"]
[TimeControl "40/4500+30:900+30"]

1. d4 Nf6 2. c4 g6 3. Nf3 Bg7 4. g3 O-O 5. Bg2 d6 6. O-O c5 7. dxc5 dxc5 8. Nc3 Bf5 9. Ne5 Nbd7 10. Nxd7 Qxd7 11. Qxd7 Nxd7 12. Bxb7 Rab8 13. Bg2 Ne5 14. Bf4 Rxb2 15. Bxe5 Bxe5 16. Nd5 Re8 {[%emt 0:01:22] normal} 0-1

[Event "GER-ch Youth U10w 2019"]
[Site "Willingen"]
[Date "2019.06.09"]
[Round "2.3"]
[White "Halas, Neele Zoe"]
[Black "Trunz, Tamila"]
[Result "1-0"]
[ECO "C45"]
[WhiteElo "1109"]
[BlackElo "1273"]
[Annotator "NA"]
[PlyCount "52"]
[EventDate "2019.06.07"]
[EventType "swiss"]
[EventRounds "11"]
[EventCountry "GER"]
[SourceTitle "playchess.com"]
[Source "ChessBase"]
[SourceQuality "1"]
[TimeControl "40/4500+30:900+30"]

1. e4 e5 2. Nf3 Nc6 3. d4 exd4 4. Nxd4 Nf6 5. Nxc6 bxc6 6. e5 Qe7 7. Qe2 Nd5 8. c4 Ba6 9. b3 O-O-O 10. Qe4 Nb6 11. Bd3 d5 12. exd6 Qxd6 13. Ke2 Qf6 14. Qf5+ Kb8 15. Qxf6 gxf6 16. Rd1 Bc5 17. Bb2 Rhe8+ 18. Kf1 Re6 19. Nc3 h6 20. Bf5 Red6 21. Rxd6 cxd6 22. Ne4 Bb4 23. a3 d5 24. axb4 dxe4 25. Rxa6 Re8 26. c5 Nd5 {[%emt 0:01:04] normal} 1-0

[Event "GER-ch Youth U10w 2019"]
[Site "Willingen"]
[Date "2019.06.09"]
[Round "2.4"]
[White "Wartenberg, Alissa"]
[Black "Haug, Mara"]
[Result "1-0"]
[ECO "C47"]
[WhiteElo "1291"]
[BlackElo "1097"]
[Annotator "NA"]
[PlyCount "43"]
[EventDate "2019.06.07"]
[EventType "swiss"]
[EventRounds "11"]
[EventCountry "GER"]
[SourceTitle "playchess.com"]
[Source "ChessBase"]
[SourceQuality "1"]
[TimeControl "40/4500+30:900+30"]

1. e4 e5 2. Nf3 Nc6 3. Nc3 Nf6 4. d4 exd4 5. Nxd4 Bb4 6. Nxc6 bxc6 7. Bd3 d5 8. exd5 cxd5 9. O-O O-O 10. Bg5 Bxc3 11. bxc3 Rb8 12. Qf3 Rb6 13. c4 Bb7 14. cxd5 Bxd5 15. Bxf6 Rxf6 16. Qh3 Rh6 17. Qg3 Qd6 18. Qxd6 cxd6 19. Rfe1 Rb8 20. Re7 a5 21. Ra7 Ra8 22. Rb1 {[%emt 0:01:07] normal} 1-0

[Event "GER-ch Youth U10w 2019"]
[Site "Willingen"]
[Date "2019.06.09"]
[Round "2.5"]
[White "Glotz, Diana"]
[Black "Wehling, Ida"]
[Result "1-0"]
[ECO "A22"]
[WhiteElo "1244"]
[BlackElo "1093"]
[Annotator "NA"]
[PlyCount "65"]
[EventDate "2019.06.07"]
[EventType "swiss"]
[EventRounds "11"]
[EventCountry "GER"]
[SourceTitle "playchess.com"]
[Source "ChessBase"]
[SourceQuality "1"]
[TimeControl "40/4500+30:900+30"]

1. c4 e5 2. Nc3 Nf6 3. g3 Bc5 4. Bg2 d6 5. e3 Nbd7 6. Nge2 Nf8 7. d4 Bb6 8. dxe5 dxe5 9. Qxd8+ Kxd8 10. O-O Ne6 11. Rd1+ Ke7 12. b4 a6 13. c5 Ba7 14. f4 exf4 15. gxf4 Re8 16. c6 Rb8 17. f5 Ng5 18. b5 Bxf5 19. Ba3+ Ke6 20. Nf4+ Ke5 21. Kf2 Ng4+ 22. Kg3 Nxe3 23. Re1 Kf6 24. Ncd5+ Nxd5 25. Nxd5+ Kg6 26. Nf4+ Kh6 27. h4 Ne4+ 28. Kh2 axb5 29. cxb7 Rxb7 30. Bf3 Bb8 31. Bc1 g5 32. hxg5+ Kxg5 33. Nd5+ {[%emt 0:00:22] normal} 1-0

[Event "GER-ch Youth U10w 2019"]
[Site "Willingen"]
[Date "2019.06.09"]
[Round "2.6"]
[White "Bako, Isabella"]
[Black "Stepanjan, Tatevik Mia"]
[Result "1-0"]
[ECO "C79"]
[WhiteElo "1215"]
[BlackElo "940"]
[Annotator "NA"]
[PlyCount "45"]
[EventDate "2019.06.07"]
[EventType "swiss"]
[EventRounds "11"]
[EventCountry "GER"]
[SourceTitle "playchess.com"]
[Source "ChessBase"]
[SourceQuality "1"]
[TimeControl "40/4500+30:900+30"]

1. e4 e5 2. Nf3 Nc6 3. Bb5 a6 4. Ba4 Nf6 5. O-O d6 6. c3 Nxe4 7. d4 exd4 8. Re1 Bf5 9. Nxd4 Qd7 10. Nxf5 Qxf5 11. f3 Be7 12. Rxe4 Qc5+ 13. Be3 Qh5 14. Bxc6+ bxc6 15. Qe2 O-O 16. Rxe7 Rae8 17. Rxc7 c5 18. Nd2 f5 19. Nc4 f4 20. Nxd6 Rxe3 21. Qc4+ Rf7 22. Rc8+ Re8 23. Rxe8# {normal} 1-0

[Event "GER-ch Youth U10w 2019"]
[Site "Willingen"]
[Date "2019.06.10"]
[Round "3.1"]
[White "Moradi, Yassaman"]
[Black "Mirnaya, Veronika"]
[Result "0-1"]
[ECO "C45"]
[WhiteElo "1174"]
[BlackElo "1237"]
[Annotator "NA"]
[PlyCount "122"]
[EventDate "2019.06.07"]
[EventType "swiss"]
[EventRounds "11"]
[EventCountry "GER"]
[SourceTitle "playchess.com"]
[Source "ChessBase"]
[SourceQuality "1"]
[TimeControl "40/4500+30:900+30"]

1. e4 e5 2. Nf3 Nc6 3. d4 exd4 4. Nxd4 Bc5 5. Be3 Qf6 6. c3 Nge7 7. Be2 d5 8. Nd2 O-O 9. O-O Qg6 10. Bh5 Qf6 11. f4 Bxd4 12. cxd4 dxe4 13. Nxe4 Qe6 14. Bf3 h6 15. Re1 Qg6 16. Nc3 Nb4 17. a3 Nc2 18. Be4 Nxe3 19. Rxe3 Qf6 20. Qf3 Qxd4 21. Rc1 c6 22. Rd1 Qb6 23. Kf1 Bg4 24. Na4 Bxf3 25. Nxb6 Bxd1 26. Nxa8 Rxa8 27. Bd3 Nd5 28. Re4 Bh5 29. Rd4 Re8 30. b4 Ne3+ 31. Kf2 Ng4+ 32. Kg3 Nf6 33. b5 cxb5 34. Bxb5 Re3+ 35. Kf2 Rxa3 36. Bd3 Bg6 37. f5 Bh5 38. h3 Ra2+ 39. Kg1 Be2 40. Bxe2 Rxe2 41. Kh2 Re4 42. Rd8+ Kh7 43. Rc8 a5 44. Rc7 b5 45. Rxf7 a4 46. Ra7 Re5 47. g4 Nd5 48. Kg3 Re3+ 49. Kg2 a3 50. h4 b4 51. g5 hxg5 52. hxg5 Re7 53. Ra6 Rb7 54. Kg3 b3 55. Kg4 b2 56. Ra8 g6 57. fxg6+ Kxg6 58. Rxa3 b1=Q 59. Ra6+ Rb6 60. Ra5 Qd3 {[%emt 0:00:32] normal} 61. Ra8 Rb4# {[%emt 0:00:08] normal} 0-1

[Event "GER-ch Youth U10w 2019"]
[Site "Willingen"]
[Date "2019.06.10"]
[Round "3.2"]
[White "Heutling, Sarah"]
[Black "Wartenberg, Alissa"]
[Result "0-1"]
[ECO "C58"]
[WhiteElo "1147"]
[BlackElo "1291"]
[Annotator "NA"]
[PlyCount "48"]
[EventDate "2019.06.07"]
[EventType "swiss"]
[EventRounds "11"]
[EventCountry "GER"]
[SourceTitle "playchess.com"]
[Source "ChessBase"]
[SourceQuality "1"]
[TimeControl "40/4500+30:900+30"]

1. e4 e5 2. Nf3 Nc6 3. Bc4 Nf6 4. Ng5 d5 5. exd5 Na5 6. Bb5+ c6 7. dxc6 bxc6 8. Qf3 Be7 9. Bd3 O-O 10. Nc3 h6 11. Nge4 Nxe4 12. Qxe4 f5 13. Qxe5 Re8 14. O-O Bd6 15. Qd4 Bxh2+ 16. Kxh2 Qxd4 17. Ne2 Qh4+ 18. Kg1 f4 19. b4 f3 20. gxf3 Nb7 21. Ng3 Bh3 22. Rd1 Qf6 23. Rb1 Qxf3 {[%emt 0:00:30] normal} 24. Bf1 Qxd1 {[%emt 0:00:12] normal} 0-1

[Event "GER-ch Youth U10w 2019"]
[Site "Willingen"]
[Date "2019.06.10"]
[Round "3.3"]
[White "Halas, Neele Zoe"]
[Black "Glotz, Diana"]
[Result "0-1"]
[ECO "C41"]
[WhiteElo "1109"]
[BlackElo "1244"]
[Annotator "NA"]
[PlyCount "60"]
[EventDate "2019.06.07"]
[EventType "swiss"]
[EventRounds "11"]
[EventCountry "GER"]
[SourceTitle "playchess.com"]
[Source "ChessBase"]
[SourceQuality "1"]
[TimeControl "40/4500+30:900+30"]

1. e4 e5 2. Nf3 d6 3. d4 Nd7 4. dxe5 dxe5 5. Bc4 c6 6. Nc3 Be7 7. Be3 Ngf6 8. O-O O-O 9. Qd3 Qc7 10. Na4 b5 11. Bxf7+ Rxf7 12. Nc3 Rf8 13. Ne2 h6 14. Qb3+ Kh8 15. Ng3 Rd8 16. Nf5 Nc5 17. Qf7 Bxf5 18. Bxc5 Rd7 19. exf5 Bxc5 20. Qe6 Re8 21. Qb3 e4 22. Nh4 Ng4 23. Ng6+ Kh7 24. Qg3 Qxg3 25. hxg3 Rd5 26. Nf4 Rxf5 27. b4 Bxb4 28. f3 Bc5+ {[%emt 0:00:07] normal} 29. Kh1 Nf2+ 30. Kh2 {[%emt 0:00:52] normal} e3 {[%emt 0:00:44] normal} 0-1

[Event "GER-ch Youth U10w 2019"]
[Site "Willingen"]
[Date "2019.06.10"]
[Round "3.4"]
[White "Vöcking, Julia"]
[Black "Bako, Isabella"]
[Result "1-0"]
[ECO "B40"]
[WhiteElo "812"]
[BlackElo "1215"]
[Annotator "NA"]
[PlyCount "57"]
[EventDate "2019.06.07"]
[EventType "swiss"]
[EventRounds "11"]
[EventCountry "GER"]
[SourceTitle "playchess.com"]
[Source "ChessBase"]
[SourceQuality "1"]
[TimeControl "40/4500+30:900+30"]

1. e4 c5 2. Nf3 e6 3. d3 Nc6 4. Nbd2 Qc7 5. g3 g6 6. Bg2 Bg7 7. O-O Nge7 8. Re1 a6 9. Nc4 b5 10. Bf4 e5 11. Bxe5 Nxe5 12. Ncxe5 Bxe5 13. Nxe5 Qxe5 14. c3 Rb8 15. d4 Qf6 16. e5 Qf5 17. Be4 Qh3 18. Bg2 Qh6 19. dxc5 O-O 20. Qd6 Nc6 21. Bxc6 Bb7 22. Bxd7 Rfd8 23. e6 Kg7 24. c6 Bxc6 25. Qe5+ f6 26. Qc7 Bxd7 27. exd7 Kf8 28. Qd6+ Kg8 29. Qe6+ {[%emt 0:00:35] normal} 1-0

[Event "GER-ch Youth U10w 2019"]
[Site "Willingen"]
[Date "2019.06.10"]
[Round "3.5"]
[White "Bangiev, Katharina"]
[Black "Ezold, Johanna Sophie"]
[Result "1-0"]
[ECO "A05"]
[WhiteElo "1003"]
[BlackElo "1076"]
[Annotator "NA"]
[PlyCount "79"]
[EventDate "2019.06.07"]
[EventType "swiss"]
[EventRounds "11"]
[EventCountry "GER"]
[SourceTitle "playchess.com"]
[Source "ChessBase"]
[SourceQuality "1"]
[TimeControl "40/4500+30:900+30"]

1. Nf3 Nf6 2. g3 d5 3. Bg2 Nc6 4. O-O e5 5. d3 h6 6. Nc3 Be6 7. e4 d4 8. Ne2 Bc5 9. c3 Qd6 10. cxd4 Nxd4 11. Nexd4 Bxd4 12. Nxd4 Qxd4 13. Qc2 c5 14. Be3 Qd7 15. Qxc5 Ng4 16. Rfd1 Rc8 17. Qxa7 O-O 18. Qb6 Rc6 19. Qb4 Rfc8 20. b3 R8c7 21. d4 Rd6 22. d5 Nxe3 23. fxe3 Bg4 24. Rdc1 Rxc1+ 25. Rxc1 Rf6 26. Rf1 Rg6 27. a4 Be2 28. Rf2 Ba6 29. Qa5 Qc8 30. Qd2 b5 31. Qb2 Rb6 32. a5 Rd6 33. Qxe5 Rg6 34. Qe7 f6 35. d6 Qf8 36. Qxf8+ Kxf8 37. Rd2 Ke8 38. Bh3 Kd8 39. d7 Rg5 40. Rd6 {[%emt 0:00:18] normal} 1-0

[Event "GER-ch Youth U10w 2019"]
[Site "Willingen"]
[Date "2019.06.10"]
[Round "3.6"]
[White "Lichtenegger, Katharina"]
[Black "Sickmann, Lisa"]
[Result "0-1"]
[ECO "B41"]
[WhiteElo "1238"]
[BlackElo "1418"]
[Annotator "NA"]
[PlyCount "92"]
[EventDate "2019.06.07"]
[EventType "swiss"]
[EventRounds "11"]
[EventCountry "GER"]
[SourceTitle "playchess.com"]
[Source "ChessBase"]
[SourceQuality "1"]
[TimeControl "40/4500+30:900+30"]

1. e4 c5 2. Nf3 e6 3. d4 cxd4 4. Nxd4 a6 5. Nf3 Qc7 6. Nc3 Nc6 7. Be3 Nf6 8. Be2 Bb4 9. O-O Bxc3 10. bxc3 Nxe4 11. c4 Nc3 12. Qd2 Nxe2+ 13. Qxe2 Ne5 14. c5 Nxf3+ 15. Qxf3 O-O 16. Qg4 d5 17. Rfe1 Qe7 18. Bh6 Qf6 19. Bd2 Kh8 20. Rab1 Qe7 21. Bc3 f6 22. Re2 Qxc5 23. Bb4 Qb5 24. Rb3 Rg8 25. Ree3 Qc4 26. Qxc4 dxc4 27. Rbc3 b5 28. Rh3 e5 29. Rh4 Bf5 30. a3 g5 31. Rh5 Bg4 32. Rh6 Kg7 33. Rxh7+ Kxh7 34. h3 Bf5 35. Rf3 Kg6 36. g4 Bxc2 37. Rc3 Bb3 38. Ba5 Ra7 39. Bb6 Rd7 40. Bc5 Rd3 41. Rxd3 cxd3 42. Kf1 d2 43. Be3 d1=Q+ 44. Kg2 Bd5+ 45. f3 Qxf3+ {[%emt 0:00:18] normal} 46. Kg1 Qg2# {normal} 0-1

[Event "GER-ch Youth U10w 2019"]
[Site "Willingen"]
[Date "2019.06.10"]
[Round "4.1"]
[White "Mirnaya, Veronika"]
[Black "Glotz, Diana"]
[Result "1-0"]
[ECO "C02"]
[WhiteElo "1237"]
[BlackElo "1244"]
[Annotator "NA"]
[PlyCount "44"]
[EventDate "2019.06.07"]
[EventType "swiss"]
[EventRounds "11"]
[EventCountry "GER"]
[SourceTitle "playchess.com"]
[Source "ChessBase"]
[SourceQuality "1"]
[TimeControl "40/4500+30:900+30"]

1. e4 e6 2. d4 d5 3. e5 c5 4. c3 Nc6 5. Nf3 Qb6 6. a3 Bd7 7. b4 cxd4 8. cxd4 Nge7 9. Be3 Ng6 10. Bd3 Be7 11. O-O O-O 12. Nbd2 f6 13. Qc2 Rac8 14. Bxg6 hxg6 15. Qxg6 Be8 16. Qg4 f5 17. Qg3 Nd8 18. Bg5 Bxg5 19. Qxg5 Bb5 20. Rfc1 Nf7 21. Qh4 a5 22. Rc5 Rc7 {[%emt 0:02:30] normal} 1-0

[Event "GER-ch Youth U10w 2019"]
[Site "Willingen"]
[Date "2019.06.10"]
[Round "4.3"]
[White "Proettel, Ela"]
[Black "Bangiev, Katharina"]
[Result "1/2-1/2"]
[ECO "A40"]
[WhiteElo "1333"]
[BlackElo "1003"]
[Annotator "NA"]
[PlyCount "26"]
[EventDate "2019.06.07"]
[EventType "swiss"]
[EventRounds "11"]
[EventCountry "GER"]
[SourceTitle "playchess.com"]
[Source "ChessBase"]
[SourceQuality "1"]
[TimeControl "40/4500+30:900+30"]

1. d4 g6 2. Bf4 Bg7 3. Nc3 Nf6 4. e4 d6 5. Qd2 Nc6 6. d5 Ne5 7. f3 O-O 8. Bh6 c6 9. dxc6 bxc6 10. g4 Qb6 11. O-O-O Bd7 12. Bxg7 Kxg7 13. h4 Rfb8 {[%emt 0:01:00] normal} 1/2-1/2

[Event "GER-ch Youth U10w 2019"]
[Site "Willingen"]
[Date "2019.06.10"]
[Round "4.4"]
[White "Bakó, Evelin"]
[Black "Oellrich, Emma"]
[Result "0-1"]
[ECO "C00"]
[WhiteElo "1152"]
[BlackElo "1484"]
[Annotator "NA"]
[PlyCount "71"]
[EventDate "2019.06.07"]
[EventType "swiss"]
[EventRounds "11"]
[EventCountry "GER"]
[SourceTitle "playchess.com"]
[Source "ChessBase"]
[SourceQuality "1"]
[TimeControl "40/4500+30:900+30"]

1. e4 e6 2. d4 d5 3. Bd3 dxe4 4. Bxe4 Nf6 5. Bf3 c5 6. Ne2 Nc6 7. Be3 cxd4 8. Nxd4 Ne5 9. Be2 Be7 10. O-O O-O 11. Nc3 b6 12. f4 Ng6 13. Bf3 Nd5 14. Nxd5 exd5 15. Nc6 Qc7 16. Bxd5 Bb7 17. Qf3 Bxc6 18. Bxc6 Rac8 19. Bb7 Nh4 20. Qe4 Qxc2 21. Qxc2 Rxc2 22. f5 g6 23. fxg6 Nxg6 24. Bh6 Bc5+ 25. Kh1 Rd8 26. Rf6 Be7 27. Rf3 Rxb2 28. Raf1 f6 29. Rg3 Rf2 30. Rf3 Rxf3 31. gxf3 Bf8 32. Be3 Re8 33. Bd5+ Kg7 34. Bc1 Bd6 35. Rg1 Re2 36. f4 {[%emt 0:01:05] normal} 0-1

[Event "GER-ch Youth U10w 2019"]
[Site "Willingen"]
[Date "2019.06.10"]
[Round "4.6"]
[White "Czaeczine, Paula"]
[Black "Trunz, Tamila"]
[Result "1-0"]
[ECO "C44"]
[WhiteElo "1170"]
[BlackElo "1273"]
[Annotator "NA"]
[PlyCount "47"]
[EventDate "2019.06.07"]
[EventType "swiss"]
[EventRounds "11"]
[EventCountry "GER"]
[SourceTitle "playchess.com"]
[Source "ChessBase"]
[SourceQuality "1"]
[TimeControl "40/4500+30:900+30"]

1. e4 e5 2. Nf3 Nc6 3. d4 exd4 4. c3 dxc3 5. Bc4 Nf6 6. Nxc3 Bb4 7. O-O O-O 8. e5 Ng4 9. Re1 Re8 10. Qd5 Qe7 11. Bg5 Qe6 12. Qe4 d5 13. Bxd5 Qg6 14. Bxc6 Bxc3 15. Bxe8 Bxe1 16. Qxg6 Bxf2+ 17. Kf1 hxg6 18. h3 Be3 19. hxg4 Bxg5 20. Nxg5 f6 21. Nf3 Bxg4 22. Bxg6 Bxf3 23. gxf3 fxe5 24. Re1 {[%emt 0:00:20] normal} 1-0

[Event "GER-ch Youth U10w 2019"]
[Site "Willingen"]
[Date "2019.06.11"]
[Round "5.1"]
[White "Wartenberg, Alissa"]
[Black "Mirnaya, Veronika"]
[Result "1/2-1/2"]
[ECO "C47"]
[WhiteElo "1291"]
[BlackElo "1237"]
[Annotator "NA"]
[PlyCount "114"]
[EventDate "2019.06.07"]
[EventType "swiss"]
[EventRounds "11"]
[EventCountry "GER"]
[SourceTitle "playchess.com"]
[Source "ChessBase"]
[SourceQuality "1"]
[TimeControl "40/4500+30:900+30"]

1. e4 e5 2. Nf3 Nc6 3. Nc3 Nf6 4. d4 exd4 5. Nxd4 Bb4 6. Nxc6 bxc6 7. Bd3 d5 8. exd5 cxd5 9. O-O O-O 10. Bg5 c6 11. Qf3 Be7 12. h3 h6 13. Bf4 Bb7 14. Qg3 Nh5 15. Qg4 Nxf4 16. Qxf4 c5 17. Rad1 Bd6 18. Qf3 Qd7 19. Bb5 d4 20. Bxd7 Bxf3 21. gxf3 Rad8 22. Ba4 dxc3 23. bxc3 Be5 24. c4 Bd4 25. Rd3 a5 26. Rfd1 Rb8 27. Bb5 Rb6 28. c3 Rg6+ 29. Kf1 Be5 30. Rd5 Bxc3 31. Rxc5 Bb4 32. Rcd5 Rc8 33. Rd8+ Rxd8 34. Rxd8+ Kh7 35. c5 Rf6 36. c6 Bd6 37. Ra8 Rxf3 38. Rxa5 Rc3 39. Kg2 Kg6 40. Ra6 Kf5 41. Ra4 Ke5 42. Rc4 Rxc4 43. Bxc4 f6 44. a4 Kd4 45. a5 Kc5 46. a6 Kxc6 47. Kf3 Bc5 48. Bf1 Kd5 49. Kg3 Ke5 50. f4+ Ke4 51. Bg2+ Kf5 52. h4 g5 53. Bh3+ Ke4 54. f5 gxh4+ 55. Kxh4 Bd4 56. Kh5 Kd5 57. Kxh6 Kc6 {[%emt 0:00:19] normal} 1/2-1/2

[Event "GER-ch Youth U10w 2019"]
[Site "Willingen"]
[Date "2019.06.11"]
[Round "5.2"]
[White "Oellrich, Emma"]
[Black "Bako, Isabella"]
[Result "1-0"]
[ECO "B48"]
[WhiteElo "1484"]
[BlackElo "1215"]
[Annotator "NA"]
[PlyCount "50"]
[EventDate "2019.06.07"]
[EventType "swiss"]
[EventRounds "11"]
[EventCountry "GER"]
[SourceTitle "playchess.com"]
[Source "ChessBase"]
[SourceQuality "1"]
[TimeControl "40/4500+30:900+30"]

1. e4 c5 2. Nf3 e6 3. d4 cxd4 4. Nxd4 Nc6 5. Nc3 Qc7 6. Be3 a6 7. Qf3 Nf6 8. O-O-O b5 9. e5 b4 10. Ncb5 axb5 11. Nxb5 Qxe5 12. Bf4 Qf5 13. Nc7+ Kd8 14. Nxa8 b3 15. axb3 Bb7 16. Nb6 Nd4 17. Qd3 Qxf4+ 18. Kb1 e5 19. Qg3 Qf5 20. Bd3 Be4 21. Nc4 Nc6 22. Ne3 Qe6 23. Qh4 Bxd3 24. Rxd3 Nb4 {[%emt 0:03:00] normal} 25. Rdd1 Qa6 {[%emt 0:01:18] normal} 1-0

[Event "GER-ch Youth U10w 2019"]
[Site "Willingen"]
[Date "2019.06.11"]
[Round "5.3"]
[White "Heutling, Sarah"]
[Black "Sickmann, Lisa"]
[Result "0-1"]
[ECO "B43"]
[WhiteElo "1147"]
[BlackElo "1418"]
[Annotator "NA"]
[PlyCount "42"]
[EventDate "2019.06.07"]
[EventType "swiss"]
[EventRounds "11"]
[EventCountry "GER"]
[SourceTitle "playchess.com"]
[Source "ChessBase"]
[SourceQuality "1"]
[TimeControl "40/4500+30:900+30"]

1. e4 c5 2. Nf3 e6 3. d4 cxd4 4. Nxd4 a6 5. Nc3 Qc7 6. Bd3 Bb4 7. Bd2 Nf6 8. O-O O-O 9. a3 Be7 10. Qe2 d6 11. Bc4 Rd8 12. Qd3 Ng4 13. Qg3 Qxc4 14. Qxg4 Qxd4 15. Be3 Qc4 16. Rad1 Nd7 17. Rd4 Qc7 18. Qh3 Nf6 19. Bg5 e5 20. Qd3 exd4 21. Qxd4 Qc5 {[%emt 0:00:00] normal} 0-1